AoeStats
← Black Mamba

Arabia

510745199Analyzed
1v1 RM · 1d ago on Oct 2, 2026· 81m 50s· 2 players
Game mode
Random Map
Map size
Tiny (2 player)
Population
200
Speed
Normal
Resources
Standard
Victory
Conquest
Starting age
Dark Age
Ending age
Imperial Age
RankedLock teamsTeams togetherTeam positionsShared explorationLock speedFull tech treeHidden civsTurbo modeCheats
Victory
Defeat
🇵🇱 Turks · Poland
1373
+17
🇦🇷 Italians · Argentina
1403
-17
Black Mamba
8:54 Feudal Age
8:55 Loom
9:25 Double-Bit Axe
10:02 Horse Collar
17:11 Fletching
21:10 Castle Age
19:41 Gold Mining
20:00 Padded Archer Armor
23:10 Bodkin Arrow
22:49 Crossbowman
24:59 Bow Saw
28:27 Gold Shaft Mining
28:27 Heavy Plow
34:57 Ballistics
34:46 Thumb Ring
36:52 Wheelbarrow
36:21 Husbandry
37:57 Scale Barding Armor
38:43 Bloodlines
39:17 Chain Barding Armor
39:21 Forging
42:27 Stone Mining
47:05 Iron Casting
50:32 Hand Cart
53:13 Imperial Age
51:55 Town Watch
53:47 Sipahi
55:26 Two-Man Saw
56:04 Plate Barding Armor
58:34 Blast Furnace
57:34 Bracer
59:20 Bracer
60:28 Leather Archer Armor
60:36 Conscription
69:51 Artillery
72:54 Ring Archer Armor
74:23 Parthian Tactics
75:21 Heavy Cavalry Archer
78:21 Town Patrol
Heroe del Fernet
7:08 Loom
9:33 Feudal Age
9:36 Man-at-Arms
10:04 Double-Bit Axe
14:20 Town Watch
14:30 Fletching
17:37 Padded Archer Armor
21:23 Castle Age
19:54 Stone Mining
19:52 Horse Collar
22:19 Bodkin Arrow
21:45 Crossbowman
29:33 Leather Archer Armor
32:40 Imperial Age
30:33 Elite Skirmisher
31:49 Bow Saw
33:30 Ballistics
33:25 Bracer
34:19 Conscription
34:13 Arbalester
37:25 Chemistry
37:34 Ring Archer Armor
40:56 Bloodlines
43:15 Scale Barding Armor
42:33 Light Cavalry
44:46 Redemption
45:22 Wheelbarrow
45:08 Pikeman
45:48 Squires
46:23 Scale Mail Armor
49:14 Murder Holes
53:42 Husbandry
55:56 Chain Mail Armor
56:29 Thumb Ring
57:07 Hand Cart
58:23 Arson
59:47 Heavy Plow
68:07 Chain Barding Armor
68:41 Forging
69:45 Plate Barding Armor
68:41 Hussar
73:55 Forging
75:02 Plate Mail Armor
Connection lost

Rejoining the realm…

Still unreachable

The connection could not be restored.

Session expired

The server has moved on; the page needs a fresh start.